 Dungeon Crawl Stone Soup version 0.20.1-1-g8b1a95d (webtiles) character file.

63 McKennaii the Gusty (level 4, -4/36 HPs)
             Began as a Tengu Air Elementalist on Aug 2, 2017.
             Slain by Grinder (9 damage)
             ... while paralysed by Grinder
             ... on level 3 of the Dungeon.
             The game lasted 00:04:50 (2308 turns).

McKennaii the Gusty (Tengu Air Elementalist)        Turns: 2308, Time: 00:04:50

Health: -4/36      AC:  3    Str: 13    XL:     4   Next: 10%
Magic:  1/9        EV:  2    Int: 17    God:
Gold:   88         SH:  0    Dex: 14    Spells: 7/8 levels left

rFire    . . .     SeeInvis .   (no weapon)
rCold    . . .     Gourm    .   (no shield)
rNeg     . . .     Faith    .   a - +0 robe
rPois    .         Spirit   .   (helmet restricted)
rElec    .         Reflect  .   m - +0 cloak
rCorr    .         Harm     .   (no gloves)
MR       .....                  (boots unavailable)
Stlth    ..........             (no amulet)
Regen    0.2/turn               (no ring)
MPRegen  0.2/turn               (no ring)

@: paralysed, berserking (expiring)
A: beak, talons 3
a: no special abilities


You were on level 3 of the Dungeon.
You were hungry.

You visited 1 branch of the dungeon, and saw 3 of its levels.

You collected 88 gold pieces.

Inventory:

Armour
 a - a +0 robe (worn)
 m - a +0 cloak (worn)
Scrolls
 d - 2 scrolls of noise {unknown}
 g - a scroll of remove curse {unknown}
 i - 2 scrolls of fear {unknown}
 k - a scroll of magic mapping {unknown}
 n - a scroll of blinking {unknown}
 o - a scroll of identify {unknown}
Potions
 h - a potion of flight {unknown}
 j - a potion of might {unknown}
Books
 b - a book of Air

   Spells                             Type                      Level
   a - Shock                          Conjuration/Air              1
   b - Swiftness                      Charms/Air                   2
   c - Static Discharge               Conjuration/Air              3
   d - Airstrike                      Air                          4
   e - Lightning Bolt                 Conjuration/Air              5
Comestibles
 c - 2 bread rations
 f - a meat ration


   Skills:
 + Level 2.5 Dodging
 + Level 2.0 Stealth
 * Level 2.7 Spellcasting
 + Level 2.4 Conjurations
 * Level 5.0 Air Magic


You had 7 spell levels left.
You knew the following spells:

 Your Spells              Type           Power        Failure   Level  Hunger
a - Shock                 Conj/Air       ###.         3%          1    #......


Dungeon Overview and Level Annotations

Branches:
Dungeon (3/15)

Altars:
Elyvilon

Portals:
Sewer: D:3

Annotations:
D:3 Grinder


Innate Abilities, Weirdness & Mutations

You have a beak for a mouth.
You have claws for feet.


Message History

You barely resist.
It was a potion of berserk rage.
A red film seems to cover your vision as you go berserk!
You feel yourself moving faster!
You feel mighty!
You closely miss Grinder.
Grinder is severely wounded.
Grinder gestures at you.
You suddenly lose the ability to move!
Grinder gestures at you. You resist with significant effort.
Grinder gestures at you.
You barely resist. Grinder hits you but does no damage. x2
Grinder hits you!
* * * LOW HITPOINT WARNING * * *
You writhe in agony.
* * * LOW HITPOINT WARNING * * *
You hear the slow rusting of a drain nearby.
Grinder hits you!
You die...

....... #.#.##.#
#..##
#......###...##
#.#...........#####
#.########.......(
#<# .......# #.#
.....#
#.#########...#
#........@5..#
#.##########.# #.#
#.# #.# #.# #.# #.#
#.# ... #.# #≈≈5≈
.. #≈≈≈≈≈ ≈.....≈


You could see Grinder.

Vanquished Creatures
  An adder (D:2)
  4 worms (D:2)
  A dart slug (D:1)
  A leopard gecko (D:2)
  A ball python (D:1)
  2 giant cockroaches (D:1)
  3 goblins
  5 hobgoblins
  4 jackals (D:2)
  A quokka (D:2)
  3 bats
  4 frilled lizards
  4 kobolds
  7 rats
41 creatures vanquished.

Notes
Turn   | Place    | Note
-------+----------+-------------------------------------------
     0 | D:1      | McKennaii the Tengu Air Elementalist began the quest for the Orb.
     0 | D:1      | Reached XP level 1. HP: 10/10 MP: 4/4
   137 | D:1      | Reached XP level 2. HP: 9/15 MP: 1/6
  1181 | D:2      | Reached XP level 3. HP: 19/19 MP: 4/7
  1473 | D:2      | Reached skill level 5 in Air Magic
  1624 | D:2      | Found a white marble altar of Elyvilon.
  1897 | D:2      | Reached XP level 4. HP: 24/24 MP: 1/8
  2208 | D:3      | Found a glowing drain.
  2208 | D:3      | Noticed Grinder
  2280 | D:3      | Paralysed by Grinder for 2 turns
  2293 | D:3      | Paralysed by Grinder for 4 turns
  2302 | D:3      | Paralysed by Grinder for 7 turns
  2308 | D:3      | Slain by Grinder

Skill      XL: |  1  2  3 |
---------------+----------+-----
Conjurations   | 2 |  2.4
Air Magic      | 5 |  5.0
Dodging        | |  2.5
Stealth        | |  2.0
Spellcasting   | |  2.7

Action                   |  1- 3 |  4- 6 || total
-------------------------+-------+-------++-------
Melee: Unarmed           |    23 |     4 ||    27
       Kick              |     3 |       ||     3
       Peck              |     1 |       ||     1
 Cast: Shock             |    90 |    25 ||   115
  Use: Potion            |       |     1 ||     1
  Eat: Chunk             |     4 |     1 ||     5
Armor: Robe              |     7 |     2 ||     9
Dodge: Dodged            |    27 |     1 ||    28
